Stars vs Coyotes

Created - 1 février 2018 at 15:55

Goals
1 2 3 T
Stars 2 2 1 5
Coyotes 1 0 1 2
Shots
1 2 3 T
Stars 10 7 12 29
Coyotes 14 9 12 35

1st period

1. Stars , Jeff Carter 21 (Joni Pitkanen 33, Kevin Shattenkirk 25) at 4:33
2. Stars , Michael Grabner 19 (Ryan Suter 27, Anze Kopitar 27) at 4:48
3. Coyotes , Johnny Gaudreau 16 (John-Michael Liles 20, Rasmus Ristolainen 37) at 11:16

Penalties :
Ville Koistinen (ARI) for Slashing (Minor) at 9:21, Zach Bogosian (DAL) for Hooking (Minor) at 9:21, Michael Rupp (ARI) for Slashing (Minor) at 13:26, Ville Koistinen (ARI) for Hooking (Minor) at 14:52

2nd period

4. Stars , Michael Grabner 20 (Anze Kopitar 28, Tomas Hertl 1) at 9:32
5. Stars , Michael Grabner 21 (Anze Kopitar 29) at 12:32

Penalties :
Jonathan Cheechoo (ARI) for Hooking (Minor) at 2:28, Zach Bogosian (DAL) for Hooking (Minor) at 2:28, Zach Bogosian (DAL) for Roughing (Minor) at 15:29

3rd period

6. Coyotes , Justin Williams 26 (Jonathan Cheechoo 28) at 8:05
7. Stars , Anze Kopitar 20 (Tyler Donati 15, Zach Bogosian 25) at 10:44 (PP)

Penalties :
Justin Williams (ARI) for Tripping (Minor) at 10:16, Joni Pitkanen (DAL) for Hooking (Minor) at 18:11

Goalie Stats

Frederik Andersen (DAL), 33 saves from 35 shots - (0,943), W, 25-16-5, 60:00 minutes
Pekka Rinne (ARI), 24 saves from 29 shots - (0,828), L, 24-17-2, 60:00 minutes

Players Stats for Stars

Player Name              G  A  P  +/- PIM S  H  SB GA TA FO     MP     PP MP  PK MP  
------------------------------------------------------------------------------------
Anze Kopitar             1  3  4   2  0   4  0  0  0  0  21/31  19:22   1:47   0:00 
Brent Aubin              0  0  0   1  0   0  6  1  0  0  1/2    18:24   2:06   0:18 
Brett Pesce              0  0  0   0  0   0  1  0  0  0  0/0    16:44   0:00   1:15 
Brian Flynn              0  0  0   0  0   0  0  0  0  0  0/1     7:12   0:00   2:08 
David Desharnais         0  0  0   0  0   1  0  0  0  0  1/3    13:49   0:00   2:08 
Jeff Carter              1  0  1   0  0   6  0  0  0  0  21/36  20:06   2:06   0:00 
Jeff Petry               0  0  0   1  0   0  4  2  0  0  0/0    15:20   0:00   1:03 
Jim Slater               0  0  0   0  0   0  0  0  0  0  0/0     0:00   0:00   0:00 
Joni Pitkanen            0  1  1   0  2   1  7  1  0  0  0/0    23:47   2:06   0:56 
Kevin Shattenkirk        0  1  1   0  0   0  0  1  0  0  0/0    22:09   2:06   0:56 
Michael Grabner          3  0  3   1  0   6  0  0  0  0  1/3    19:43   2:06   0:00 
Michael Ryan             0  0  0   0  0   0  0  0  0  0  0/1     6:43   0:00   1:39 
Milan Michalek           0  0  0   0  0   1  0  0  0  0  0/1    15:26   1:47   0:00 
Ryan Suter               0  1  1   1  0   2  0  0  0  0  0/0    21:11   1:47   2:07 
Sean Monahan             0  0  0   0  0   3  1  0  0  0  7/15   18:24   0:00   1:39 
Tomas Hertl              0  1  1   2  0   1  1  0  0  0  0/1    15:37   0:00   0:00 
Tyler Donati             0  1  1   1  0   2  0  0  0  0  2/2    17:47   1:47   0:00 
Zach Bogosian            0  1  1   2  6   2  1  1  0  0  0/0    20:27   1:47   0:59 

Players Stats for Coyotes

Player Name              G  A  P  +/- PIM S  H  SB GA TA FO     MP     PP MP  PK MP  
------------------------------------------------------------------------------------
Codey Burki              0  0  0   0  0   2  1  0  0  0  16/31  18:33   1:43   0:00 
David Pastrnak           0  0  0   0  0   2  1  0  0  0  0/2    21:38   2:04   0:33 
Evgeny Kuznetsov         0  0  0   0  0   0  1  0  0  0  12/33  21:49   2:04   0:44 
John-Michael Liles       0  1  1   0  0   0  0  0  0  0  0/0    22:20   2:11   0:00 
Johnny Gaudreau          1  0  1   1  0   1  1  0  0  0  1/1    20:27   2:04   0:00 
Jonathan Cheechoo        0  1  1   0  2   5  2  0  0  0  0/0    18:32   1:43   0:00 
Jordan LaVallee          0  0  0  -1  0   0  1  0  0  0  0/0     4:02   0:00   0:00 
Justin Williams          1  0  1   0  2   6  1  0  0  0  1/1    18:32   1:43   0:00 
Kyle Calder              0  0  0  -2  0   1  0  1  0  0  1/1    12:19   0:00   1:32 
Mark Giordano            0  0  0   1  0   5  0  1  0  0  0/0    21:51   1:36   1:01 
Mason Raymond            0  0  0  -2  0   3  0  0  0  0  0/0    12:35   0:00   1:48 
Matt Calvert             0  0  0  -1  0   0  0  1  0  0  0/2     5:50   0:00   1:48 
Matt Niskanen            0  0  0   1  0   2  8  0  0  0  0/0    24:21   1:36   2:12 
Michael Rupp             0  0  0  -2  2   3  0  0  0  0  8/19   11:34   0:00   0:48 
Pavel Vorobiev           0  0  0   0  0   0  0  0  0  0  3/6     5:42   0:00   0:00 
Rasmus Ristolainen       0  1  1   0  0   4  2  1  0  0  0/0    25:19   2:11   1:40 
Roman Polak              0  0  0  -3  0   1  1  1  0  0  0/0    13:27   0:00   1:49 
Ville Koistinen          0  0  0  -3  4   0  3  0  0  0  0/0    12:40   0:00   1:03 

3 Stars

1 - Michael Grabner (DAL)
2 - Anze Kopitar (DAL)
3 - Frederik Andersen (DAL)

Power Play

Stars - 1 on 3 Attempt(s) - 33,33%
Coyotes - 0 on 2 Attempt(s) - 0,00%

Penalty Kill

Stars - 2 on 2 Attempt(s) - 100,00% - Score 0 goal in Penalty Kill
Coyotes - 2 on 3 Attempt(s) - 66,67% - Score 0 goal in Penalty Kill

Team Stat

Stars - Hits : 21 - Faceoff Wins : 54 - Blocked Shots : 6 - Penalty Minutes : 8
Coyotes - Hits : 22 - Faceoff Wins : 42 - Blocked Shots : 5 - Penalty Minutes : 10

Official

Referees : Jean Hebert and Ghislain Hebert
Linesman : Kelsey Mahoney and Ryan Galloway

Game Notes

Michael Grabner has scored a Hat Trick!

Finance

Level 1 -- Attendance: 3750 (100,00%) -- Ticket Income 345 000 $
Level 2 -- Attendance: 4000 (100,00%) -- Ticket Income 272 000 $
Level 3 -- Attendance: 2963 (65,84%) -- Ticket Income 62 223 $
Level 4 -- Attendance: 5250 (100,00%) -- Ticket Income 84 000 $
Luxury Box -- Attendance: 1000 (100,00%) -- Ticket Income 205 000 $
Game was played at the Staples Center.
Total Attendance: 16963 (91,69%)
Total Ticket Income: 968 223 $
Other Income: 474 429 $
Total Income: 1 442 652 $

Stars

5 vs 5 Forward 
   Center                   Left Wing                Right Wing               Time % Phy DF OF 
 1 Jeff Carter              Tyler Donati             Brent Aubin              34     0   1  4  
 2 Anze Kopitar             Tomas Hertl              Michael Grabner          32     0   2  3  
 3 Sean Monahan             David Desharnais         Milan Michalek           27     0   3  2  
 4 Sean Monahan             Brian Flynn              Michael Ryan             7      1   3  1  

5 vs 5 Defense 
   Defense                  Defense                                           Time % Phy DF OF 
 1 Joni Pitkanen            Kevin Shattenkirk                                 35     0   3  2  
 2 Zach Bogosian            Ryan Suter                                        30     0   3  2  
 3 Brett Pesce              Jeff Petry                                        25     0   3  2  
 4 Zach Bogosian            Joni Pitkanen                                     10     0   4  1  

PowerPlay Forward 
   Center                   Left Wing                Right Wing               Time % Phy DF OF 
 1 Jeff Carter              Michael Grabner          Brent Aubin              55     0   0  5  
 2 Anze Kopitar             Milan Michalek           Tyler Donati             45     0   0  5  

PowerPlay Defense
   Defense                  Defense                                           Time % Phy DF OF 
 1 Joni Pitkanen            Kevin Shattenkirk                                 55     0   1  4  
 2 Ryan Suter               Zach Bogosian                                     45     0   1  4  

Penalty Kill 4 Players Forward 
   Center                   Wing                     Time % Phy DF OF 
 1 David Desharnais         Brian Flynn              55     0   4  1  
 2 Sean Monahan             Michael Ryan             45     0   4  1  

Penalty Kill 4 Players Defense
   Defense                  Defense                  Time % Phy DF OF 
 1 Joni Pitkanen            Brett Pesce              55     0   5  0  
 2 Ryan Suter               Jeff Petry               45     0   5  0  

Penalty Kill - 3 Players Forward 
   Forward                                           Time % Phy DF OF 
 1 Sean Monahan                                      55     0   5  0  
 2 Jim Slater                                        45     0   5  0  

Penalty Kill - 3 Players Defense
   Defense                  Defense                  Time % Phy DF OF 
 1 Joni Pitkanen            Ryan Suter               55     0   5  0  
 2 Brett Pesce              Jeff Petry               45     0   5  0  

4 vs 4 Forward 
   Center                   Wing                     Time % Phy DF OF 
 1 Jeff Carter              Michael Grabner          55     1   2  2  
 2 Anze Kopitar             Milan Michalek           45     1   2  2  

4 vs 4 Defense
   Defense                  Defense                  Time % Phy DF OF 
 1 Joni Pitkanen            Kevin Shattenkirk        55     1   2  2  
 2 Ryan Suter               Zach Bogosian            45     1   2  2  

Last Minutes Offensive
   Center                   Left Wing                Right Wing               Defense                  Defense                  
   Jeff Carter              Michael Grabner          Brent Aubin              Joni Pitkanen            Kevin Shattenkirk        

Last Minutes Defensive
   Center                   Left Wing                Right Wing               Defense                  Defense                  
   Anze Kopitar             Jeff Carter              Milan Michalek           Ryan Suter               Joni Pitkanen            

Goaltenders
Starting : Frederik Andersen        
Backup : Al Montoya               

Extra Forwards
Normal : Sean Monahan, David Desharnais, Anze Kopitar - PP : Sean Monahan, Tomas Hertl - PK : Jeff Carter
Extra Defensemen
Normal : Brett Pesce, Jeff Petry, Ryan Suter - PP : Brett Pesce - PK : Zach Bogosian, Ryan Suter
Penalty Shots
Jeff Carter, Milan Michalek, Michael Grabner, Brent Aubin, Kevin Shattenkirk
Custom OT Lines Forwards
Anze Kopitar, Michael Grabner, Jeff Carter, Brent Aubin, Milan Michalek, Sean Monahan, Tyler Donati, David Desharnais, Brian Flynn, 
Custom OT Lines Defensemen
Joni Pitkanen, Ryan Suter, Kevin Shattenkirk, Zach Bogosian, Brett Pesce

Scratches
Pavel Datsyuk (Broken Bone (Right Leg) Injury), Loui Eriksson (Sore Left Knee Injury)

Coyotes

5 vs 5 Forward 
   Center                   Left Wing                Right Wing               Time % Phy DF OF 
 1 Codey Burki              Jonathan Cheechoo        Justin Williams          35     0   2  3  
 2 Evgeny Kuznetsov         Johnny Gaudreau          David Pastrnak           35     0   2  3  
 3 Michael Rupp             Kyle Calder              Mason Raymond            24     1   2  2  
 4 Pavel Vorobiev           Jordan LaVallee          Matt Calvert             6      0   3  2  

5 vs 5 Defense 
   Defense                  Defense                                           Time % Phy DF OF 
 1 Matt Niskanen            Mark Giordano                                     38     0   2  3  
 2 Rasmus Ristolainen       John-Michael Liles                                36     0   2  3  
 3 Ville Koistinen          Roman Polak                                       18     1   3  1  
 4 Rasmus Ristolainen       Matt Niskanen                                     8      0   2  3  

PowerPlay Forward 
   Center                   Left Wing                Right Wing               Time % Phy DF OF 
 1 Codey Burki              Jonathan Cheechoo        Justin Williams          50     0   0  5  
 2 Evgeny Kuznetsov         Johnny Gaudreau          David Pastrnak           50     0   0  5  

PowerPlay Defense
   Defense                  Defense                                           Time % Phy DF OF 
 1 Matt Niskanen            Mark Giordano                                     50     0   0  5  
 2 Rasmus Ristolainen       John-Michael Liles                                50     0   0  5  

Penalty Kill 4 Players Forward 
   Center                   Wing                     Time % Phy DF OF 
 1 Michael Rupp             Kyle Calder              50     0   5  0  
 2 Matt Calvert             Mason Raymond            50     0   5  0  

Penalty Kill 4 Players Defense
   Defense                  Defense                  Time % Phy DF OF 
 1 Ville Koistinen          Roman Polak              50     0   5  0  
 2 Rasmus Ristolainen       Matt Niskanen            50     0   5  0  

Penalty Kill - 3 Players Forward 
   Forward                                           Time % Phy DF OF 
 1 David Pastrnak                                    60     0   1  4  
 2 Justin Williams                                   40     0   1  4  

Penalty Kill - 3 Players Defense
   Defense                  Defense                  Time % Phy DF OF 
 1 Roman Polak              Ville Koistinen          60     0   2  3  
 2 Mark Giordano            Matt Niskanen            40     0   1  4  

4 vs 4 Forward 
   Center                   Wing                     Time % Phy DF OF 
 1 Evgeny Kuznetsov         David Pastrnak           60     0   0  5  
 2 Pavel Vorobiev           Johnny Gaudreau          40     0   1  4  

4 vs 4 Defense
   Defense                  Defense                  Time % Phy DF OF 
 1 Rasmus Ristolainen       John-Michael Liles       60     0   1  4  
 2 Matt Niskanen            Mark Giordano            40     0   2  3  

Last Minutes Offensive
   Center                   Left Wing                Right Wing               Defense                  Defense                  
   Evgeny Kuznetsov         Jonathan Cheechoo        Justin Williams          Rasmus Ristolainen       Mark Giordano            

Last Minutes Defensive
   Center                   Left Wing                Right Wing               Defense                  Defense                  
   Michael Rupp             Matt Calvert             Kyle Calder              Roman Polak              Matt Niskanen            

Goaltenders
Starting : Pekka Rinne              
Backup : Justin Pogge             

Extra Forwards
Normal : Jonathan Cheechoo, David Pastrnak, Johnny Gaudreau - PP : Evgeny Kuznetsov, David Pastrnak - PK : Michael Rupp
Extra Defensemen
Normal : Mark Giordano, John-Michael Liles, Ville Koistinen - PP : Rasmus Ristolainen - PK : Roman Polak, Matt Niskanen
Penalty Shots
Jonathan Cheechoo, Justin Williams, David Pastrnak, Johnny Gaudreau, Codey Burki
Custom OT Lines Forwards
Jonathan Cheechoo, Justin Williams, David Pastrnak, Johnny Gaudreau, Evgeny Kuznetsov, Mason Raymond, Codey Burki, Pavel Vorobiev, Jordan LaVallee, Matt Calvert
Custom OT Lines Defensemen
Mark Giordano, Rasmus Ristolainen, Matt Niskanen, Roman Polak, John-Michael Liles

Scratches
None


% Time on Ice - Stars

Lines # - Real PCT - Wanted PCT - Time Play
Normal Forward
1 - 33% - 34% - 16:00
2 - 32% - 32% - 15:37
3 - 24% - 27% - 11:41
4 - 10% - 7% - 5:04
Normal Defense
1 - 35% - 35% - 17:02
2 - 32% - 30% - 15:24
3 - 28% - 25% - 13:36
4 - 5% - 10% - 2:20
PP Forward
1 - 54% - 55% - 2:06
2 - 46% - 45% - 1:47
PP Defense
1 - 54% - 55% - 2:06
2 - 46% - 45% - 1:47
PK Forward
1 - 56% - 55% - 2:08
2 - 44% - 45% - 1:39
PK Defense
1 - 55% - 55% - 2:05
2 - 45% - 45% - 1:42
PK3 Forward
1 - 0% - 55%
2 - 0% - 45%
PK3 Defense
1 - 0% - 55%
2 - 0% - 45%
44 Forward
1 - 50% - 55% - 2:00
2 - 50% - 45% - 1:58
44 Defense
1 - 35% - 55% - 1:24
2 - 65% - 45% - 2:34
Last Minute Offensive  - 0:00
Last Minute Defensive  - 0:00
Total
Forward - 60:00
Defense - 60:00

% Time on Ice - Coyotes

Lines # - Real PCT - Wanted PCT - Time Play
Normal Forward
1 - 35% - 35% - 16:50
2 - 35% - 35% - 16:43
3 - 22% - 24% - 10:47
4 - 8% - 6% - 4:02
Normal Defense
1 - 36% - 38% - 17:38
2 - 37% - 36% - 17:47
3 - 24% - 18% - 11:38
4 - 3% - 8% - 1:19
PP Forward
1 - 45% - 50% - 1:43
2 - 55% - 50% - 2:04
PP Defense
1 - 42% - 50% - 1:36
2 - 58% - 50% - 2:11
PK Forward
1 - 46% - 50% - 1:32
2 - 54% - 50% - 1:48
PK Defense
1 - 50% - 50% - 1:40
2 - 50% - 50% - 1:40
PK3 Forward
1 - 100% - 60% - 0:33
2 - 0% - 40% - 0:00
PK3 Defense
1 - 27% - 60% - 0:09
2 - 73% - 40% - 0:24
44 Forward
1 - 58% - 60% - 2:18
2 - 42% - 40% - 1:40
44 Defense
1 - 60% - 60% - 2:22
2 - 40% - 40% - 1:36
Last Minute Offensive  - 0:00
Last Minute Defensive  - 0:00
Total
Forward - 60:00
Defense - 60:00

Play by Play

1st period


0:01 of 1st period - Codey Burki wins face-off versus Jeff Carter in neutral zone.
0:14 of 1st period - Shot by Codey Burki.
0:14 of 1st period - Stopped by Frederik Andersen without a rebound.
0:15 of 1st period - Evgeny Kuznetsov wins face-off versus Anze Kopitar in Stars zone.
1:28 of 1st period - Icing by Rasmus Ristolainen.
1:29 of 1st period - Johnny Gaudreau wins face-off versus Jeff Carter in Coyotes zone.
1:39 of 1st period - Icing by Joni Pitkanen.
1:40 of 1st period - Tyler Donati wins face-off versus Michael Rupp in Stars zone.
1:52 of 1st period - Icing by Matt Niskanen.
1:53 of 1st period - Kyle Calder wins face-off versus Michael Ryan in Coyotes zone.
2:11 of 1st period - Icing by Brett Pesce.
2:12 of 1st period - Codey Burki wins face-off versus Sean Monahan in Stars zone.
2:12 of 1st period - Codey Burki is hit by Jeff Petry.
2:22 of 1st period - Shot by Codey Burki.
2:22 of 1st period - Shot Blocked by Jeff Petry.
2:49 of 1st period - Michael Ryan is hit by Justin Williams and loses puck.
3:13 of 1st period - Shot by Matt Niskanen.
3:13 of 1st period - Shot Misses the Net.
4:05 of 1st period - Shot by Rasmus Ristolainen.
4:05 of 1st period - Stopped by Frederik Andersen with a rebound.
4:33 of 1st period - Shot by Jeff Carter.
4:33 of 1st period - Goal by Jeff Carter - Stars : 1 - Coyotes : 0.
4:34 of 1st period - Codey Burki wins face-off versus Anze Kopitar in neutral zone.
4:40 of 1st period - Icing by Zach Bogosian.
4:41 of 1st period - Anze Kopitar wins face-off versus Codey Burki in Stars zone.
4:48 of 1st period - Shot by Michael Grabner.
4:48 of 1st period - Goal by Michael Grabner - Stars : 2 - Coyotes : 0.
4:49 of 1st period - Anze Kopitar wins face-off versus Codey Burki in neutral zone.
5:10 of 1st period - Shot by Jonathan Cheechoo.
5:10 of 1st period - Deflect By Justin Williams.
5:10 of 1st period - Stopped by Frederik Andersen without a rebound.
5:11 of 1st period - Tyler Donati wins face-off versus Evgeny Kuznetsov in Stars zone.
5:13 of 1st period - Icing by Jeff Carter.
5:14 of 1st period - Jeff Carter wins face-off versus Evgeny Kuznetsov in Stars zone.
5:27 of 1st period - Off-side.
5:28 of 1st period - Michael Grabner wins face-off versus Codey Burki in neutral zone.
5:32 of 1st period - Ryan Suter is hit by Roman Polak and loses puck.
5:58 of 1st period - Shot by Roman Polak.
5:58 of 1st period - Stopped by Frederik Andersen without a rebound.
5:59 of 1st period - Sean Monahan wins face-off versus Evgeny Kuznetsov in Stars zone.
6:44 of 1st period - Shot by Evgeny Kuznetsov.
6:44 of 1st period - Shot Misses the Net.
6:58 of 1st period - Shot by Mason Raymond.
6:58 of 1st period - Stopped by Frederik Andersen with a rebound.
7:00 of 1st period - Shot by Mason Raymond.
7:00 of 1st period - Stopped by Frederik Andersen without a rebound.
7:01 of 1st period - Codey Burki wins face-off versus Jeff Carter in Stars zone.
7:02 of 1st period - Shot by Justin Williams.
7:02 of 1st period - Stopped by Frederik Andersen without a rebound.
7:03 of 1st period - Jeff Carter wins face-off versus Codey Burki in Stars zone.
7:12 of 1st period - Shot by Jeff Carter.
7:12 of 1st period - Stopped by Pekka Rinne with a rebound.
7:19 of 1st period - Off-side.
7:20 of 1st period - Michael Rupp wins face-off versus Anze Kopitar in neutral zone.
7:32 of 1st period - Icing by Rasmus Ristolainen.
7:33 of 1st period - Michael Rupp wins face-off versus Jeff Carter in Coyotes zone.
8:06 of 1st period - Mason Raymond is hit by Zach Bogosian and loses puck.
8:11 of 1st period - Shot by Michael Rupp.
8:11 of 1st period - Stopped by Frederik Andersen without a rebound.
8:12 of 1st period - Sean Monahan wins face-off versus Codey Burki in Stars zone.
8:19 of 1st period - Joni Pitkanen is hit by Jonathan Cheechoo and loses puck.
8:48 of 1st period - Shot by Justin Williams.
8:48 of 1st period - Shot Blocked by Kevin Shattenkirk.
8:52 of 1st period - Shot by Jonathan Cheechoo.
8:52 of 1st period - Stopped by Frederik Andersen with a rebound.
9:21 of 1st period - Minor Penalty to Ville Koistinen for Slashing.
9:21 of 1st period - Minor Penalty to Zach Bogosian for Hooking.
9:22 of 1st period - Jeff Carter wins face-off versus Evgeny Kuznetsov in Coyotes zone.
9:35 of 1st period - Shot by Rasmus Ristolainen.
9:35 of 1st period - Stopped by Frederik Andersen without a rebound.
9:36 of 1st period - Jeff Carter wins face-off versus Evgeny Kuznetsov in Stars zone.
9:52 of 1st period - Shot by Rasmus Ristolainen.
9:52 of 1st period - Stopped by Frederik Andersen with a rebound.
9:54 of 1st period - Shot by David Pastrnak.
9:54 of 1st period - Stopped by Frederik Andersen without a rebound.
9:55 of 1st period - Anze Kopitar wins face-off versus Evgeny Kuznetsov in Stars zone.
10:39 of 1st period - Pavel Vorobiev is hit by Joni Pitkanen and loses puck.
11:16 of 1st period - Shot by Johnny Gaudreau.
11:16 of 1st period - Goal by Johnny Gaudreau - Stars : 2 - Coyotes : 1.
11:17 of 1st period - Evgeny Kuznetsov wins face-off versus Jeff Carter in neutral zone.
11:34 of 1st period - Shot by Jonathan Cheechoo.
11:34 of 1st period - Stopped by Frederik Andersen without a rebound.
11:35 of 1st period - Jeff Carter wins face-off versus Michael Rupp in Stars zone.
12:03 of 1st period - Icing by Brett Pesce.
12:04 of 1st period - Jeff Carter wins face-off versus Evgeny Kuznetsov in Stars zone.
12:57 of 1st period - Off-side.
12:58 of 1st period - Sean Monahan wins face-off versus Codey Burki in neutral zone.
13:00 of 1st period - Ryan Suter is hit by Matt Niskanen and loses puck.
13:21 of 1st period - Shot by Sean Monahan.
13:21 of 1st period - Stopped by Pekka Rinne without a rebound.
13:22 of 1st period - Anze Kopitar wins face-off versus Michael Rupp in Coyotes zone.
13:22 of 1st period - Joni Pitkanen is hit by Ville Koistinen and loses puck.
13:26 of 1st period - Minor Penalty to Michael Rupp for Slashing.
13:27 of 1st period - Evgeny Kuznetsov wins face-off versus Jeff Carter in Coyotes zone.
14:23 of 1st period - Shot by Zach Bogosian.
14:23 of 1st period - Shot Misses the Net.
14:25 of 1st period - Shot by Ryan Suter.
14:25 of 1st period - Stopped by Pekka Rinne with a rebound.
14:27 of 1st period - Shot by Ryan Suter.
14:27 of 1st period - Stopped by Pekka Rinne without a rebound.
14:28 of 1st period - Anze Kopitar wins face-off versus Matt Calvert in Coyotes zone.
14:42 of 1st period - Milan Michalek is hit by Matt Niskanen and loses puck.
14:45 of 1st period - Shot by Zach Bogosian.
14:45 of 1st period - Stopped by Pekka Rinne without a rebound.
14:46 of 1st period - Anze Kopitar wins face-off versus Evgeny Kuznetsov in Coyotes zone.
14:51 of 1st period - Shot by Zach Bogosian.
14:51 of 1st period - Shot Blocked by Kyle Calder.
14:52 of 1st period - Minor Penalty to Ville Koistinen for Hooking.
14:53 of 1st period - Brent Aubin wins face-off versus David Pastrnak in Coyotes zone.
15:10 of 1st period - Shot by Michael Grabner.
15:10 of 1st period - Shot Misses the Net.
15:53 of 1st period - Shot by Zach Bogosian.
15:53 of 1st period - Stopped by Pekka Rinne without a rebound.
15:54 of 1st period - Anze Kopitar wins face-off versus Michael Rupp in Coyotes zone.
16:17 of 1st period - Shot by Ryan Suter.
16:17 of 1st period - Shot Misses the Net.
16:19 of 1st period - Shot by Anze Kopitar.
16:19 of 1st period - Shot Misses the Net.
16:23 of 1st period - Shot by Milan Michalek.
16:23 of 1st period - Shot Misses the Net.
16:53 of 1st period - Shot by Michael Grabner.
16:53 of 1st period - Shot Misses the Net.
17:05 of 1st period - Michael Ryan is hit by David Pastrnak and loses puck.
17:18 of 1st period - Shot by Sean Monahan.
17:18 of 1st period - Stopped by Pekka Rinne without a rebound.
17:19 of 1st period - Codey Burki wins face-off versus Anze Kopitar in Coyotes zone.
17:29 of 1st period - Justin Williams is hit by Joni Pitkanen and loses puck.
17:36 of 1st period - Shot by Michael Grabner.
17:36 of 1st period - Shot Misses the Net.
17:38 of 1st period - Shot by Joni Pitkanen.
17:38 of 1st period - Shot Blocked by Rasmus Ristolainen.
18:09 of 1st period - Icing by Jonathan Cheechoo.
18:10 of 1st period - Codey Burki wins face-off versus Jeff Carter in Coyotes zone.
18:29 of 1st period - Shot by Tyler Donati.
18:29 of 1st period - Stopped by Pekka Rinne without a rebound.
18:30 of 1st period - Sean Monahan wins face-off versus Evgeny Kuznetsov in Coyotes zone.
18:30 of 1st period - Sean Monahan is hit by Matt Niskanen.
18:45 of 1st period - Sean Monahan is hit by Matt Niskanen and loses puck.
18:51 of 1st period - Icing by Matt Niskanen.
18:52 of 1st period - Jeff Carter wins face-off versus Evgeny Kuznetsov in Coyotes zone.
19:46 of 1st period - Off-side.
19:47 of 1st period - Codey Burki wins face-off versus Michael Grabner in neutral zone.
Goals for this period are 2 for Stars vs 1 for Coyotes.
Shots for this period are 10 for Stars vs 14 for Coyotes.

2nd period


0:01 of 2nd period - Codey Burki wins face-off versus Anze Kopitar in neutral zone.
0:10 of 2nd period - Shot by Mark Giordano.
0:10 of 2nd period - Stopped by Frederik Andersen without a rebound.
0:11 of 2nd period - Michael Rupp wins face-off versus Jeff Carter in Stars zone.
0:25 of 2nd period - Jeff Carter is hit by Rasmus Ristolainen and loses puck.
0:48 of 2nd period - Shot by Rasmus Ristolainen.
0:48 of 2nd period - Shot Misses the Net.
1:36 of 2nd period - Icing by Joni Pitkanen.
1:37 of 2nd period - Jeff Carter wins face-off versus Evgeny Kuznetsov in Stars zone.
1:39 of 2nd period - Icing by Joni Pitkanen.
1:40 of 2nd period - Evgeny Kuznetsov wins face-off versus Jeff Carter in Stars zone.
2:15 of 2nd period - Shot by David Pastrnak.
2:15 of 2nd period - Shot Misses the Net.
2:17 of 2nd period - Shot by Evgeny Kuznetsov.
2:17 of 2nd period - Shot Misses the Net.
2:28 of 2nd period - Minor Penalty to Jonathan Cheechoo for Hooking.
2:28 of 2nd period - Minor Penalty to Zach Bogosian for Hooking.
2:29 of 2nd period - Anze Kopitar wins face-off versus Evgeny Kuznetsov in Stars zone.
3:46 of 2nd period - Shot by Jeff Carter.
3:46 of 2nd period - Stopped by Pekka Rinne without a rebound.
3:47 of 2nd period - Pavel Vorobiev wins face-off versus Jeff Carter in Coyotes zone.
4:18 of 2nd period - Shot by Pavel Vorobiev.
4:18 of 2nd period - Shot Misses the Net.
5:04 of 2nd period - Shot by Justin Williams.
5:04 of 2nd period - Shot Misses the Net.
5:06 of 2nd period - Shot by Codey Burki.
5:06 of 2nd period - Shot Misses the Net.
5:08 of 2nd period - Shot by Justin Williams.
5:08 of 2nd period - Shot Blocked by Joni Pitkanen.
5:26 of 2nd period - Shot by Rasmus Ristolainen.
5:26 of 2nd period - Stopped by Frederik Andersen without a rebound.
5:27 of 2nd period - Anze Kopitar wins face-off versus Pavel Vorobiev in Stars zone.
6:03 of 2nd period - Icing by Michael Grabner.
6:04 of 2nd period - Anze Kopitar wins face-off versus Evgeny Kuznetsov in Stars zone.
6:17 of 2nd period - Jeff Petry is hit by Johnny Gaudreau and loses puck.
6:33 of 2nd period - Evgeny Kuznetsov is hit by Jeff Petry.
8:46 of 2nd period - Icing by Ville Koistinen.
8:47 of 2nd period - Anze Kopitar wins face-off versus Michael Rupp in Coyotes zone.
8:47 of 2nd period - Anze Kopitar is hit by Ville Koistinen.
8:59 of 2nd period - Shot by Michael Grabner.
8:59 of 2nd period - Stopped by Pekka Rinne without a rebound.
9:00 of 2nd period - Anze Kopitar wins face-off versus Pavel Vorobiev in Coyotes zone.
9:24 of 2nd period - Shot by Tomas Hertl.
9:24 of 2nd period - Shot Blocked by Roman Polak.
9:32 of 2nd period - Shot by Anze Kopitar.
9:32 of 2nd period - Deflect By Michael Grabner.
9:32 of 2nd period - Goal by Michael Grabner - Stars : 3 - Coyotes : 1.
9:33 of 2nd period - Michael Rupp wins face-off versus Sean Monahan in neutral zone.
9:56 of 2nd period - Shot by Matt Niskanen.
9:56 of 2nd period - Stopped by Frederik Andersen without a rebound.
9:57 of 2nd period - Jeff Carter wins face-off versus Codey Burki in Stars zone.
10:15 of 2nd period - Icing by John-Michael Liles.
10:16 of 2nd period - Sean Monahan wins face-off versus Codey Burki in Coyotes zone.
10:40 of 2nd period - Icing by Rasmus Ristolainen.
10:41 of 2nd period - Anze Kopitar wins face-off versus Codey Burki in Coyotes zone.
10:41 of 2nd period - Joni Pitkanen is hit by Rasmus Ristolainen and loses puck.
11:07 of 2nd period - Off-side.
11:08 of 2nd period - Sean Monahan wins face-off versus Evgeny Kuznetsov in neutral zone.
11:16 of 2nd period - Sean Monahan is hit by Matt Niskanen.
11:33 of 2nd period - Shot by Matt Niskanen.
11:33 of 2nd period - Stopped by Frederik Andersen without a rebound.
11:34 of 2nd period - Jeff Carter wins face-off versus Michael Rupp in Stars zone.
11:53 of 2nd period - Kyle Calder is hit by Brent Aubin.
12:10 of 2nd period - Roman Polak is hit by Brent Aubin and loses puck.
12:30 of 2nd period - Icing by Roman Polak.
12:31 of 2nd period - Anze Kopitar wins face-off versus Michael Rupp in Coyotes zone.
12:32 of 2nd period - Shot by Michael Grabner.
12:32 of 2nd period - Goal by Michael Grabner - Stars : 4 - Coyotes : 1.
12:33 of 2nd period - Sean Monahan wins face-off versus Evgeny Kuznetsov in neutral zone.
13:38 of 2nd period - Icing by Rasmus Ristolainen.
13:39 of 2nd period - Codey Burki wins face-off versus Anze Kopitar in Coyotes zone.
13:39 of 2nd period - Codey Burki is hit by Joni Pitkanen.
13:45 of 2nd period - Shot by Michael Grabner.
13:45 of 2nd period - Shot Misses the Net.
14:11 of 2nd period - Shot by Tomas Hertl.
14:11 of 2nd period - Stopped by Pekka Rinne without a rebound.
14:12 of 2nd period - Jeff Carter wins face-off versus Michael Rupp in Coyotes zone.
14:19 of 2nd period - Shot by Brent Aubin.
14:19 of 2nd period - Shot Misses the Net.
14:25 of 2nd period - Shot by Jeff Carter.
14:25 of 2nd period - Stopped by Pekka Rinne without a rebound.
14:26 of 2nd period - Evgeny Kuznetsov wins face-off versus Sean Monahan in Coyotes zone.
15:12 of 2nd period - Icing by Matt Niskanen.
15:13 of 2nd period - Anze Kopitar wins face-off versus Evgeny Kuznetsov in Coyotes zone.
15:29 of 2nd period - Minor Penalty to Zach Bogosian for Roughing.
15:30 of 2nd period - Codey Burki wins face-off versus Brian Flynn in Stars zone.
15:31 of 2nd period - Shot by Justin Williams.
15:31 of 2nd period - Stopped by Frederik Andersen with a rebound.
15:44 of 2nd period - Icing by Rasmus Ristolainen.
15:45 of 2nd period - Codey Burki wins face-off versus David Desharnais in Coyotes zone.
16:56 of 2nd period - Shot by Mark Giordano.
16:56 of 2nd period - Stopped by Frederik Andersen without a rebound.
16:57 of 2nd period - Evgeny Kuznetsov wins face-off versus Sean Monahan in Stars zone.
16:58 of 2nd period - Shot by Rasmus Ristolainen.
16:58 of 2nd period - Shot Misses the Net.
17:13 of 2nd period - Rasmus Ristolainen is hit by Sean Monahan and loses puck.
17:26 of 2nd period - Shot by David Pastrnak.
17:26 of 2nd period - Stopped by Frederik Andersen without a rebound.
17:27 of 2nd period - David Desharnais wins face-off versus Codey Burki in Stars zone.
17:42 of 2nd period - Shot by Michael Rupp.
17:42 of 2nd period - Shot Misses the Net.
18:12 of 2nd period - Shot by Mason Raymond.
18:12 of 2nd period - Shot Misses the Net.
18:44 of 2nd period - Shot by Jonathan Cheechoo.
18:44 of 2nd period - Stopped by Frederik Andersen without a rebound.
18:45 of 2nd period - Evgeny Kuznetsov wins face-off versus Sean Monahan in Stars zone.
19:08 of 2nd period - Shot by David Desharnais.
19:08 of 2nd period - Stopped by Pekka Rinne without a rebound.
19:09 of 2nd period - Codey Burki wins face-off versus Jeff Carter in Coyotes zone.
19:17 of 2nd period - Jonathan Cheechoo is hit by Brent Aubin and loses puck.
19:24 of 2nd period - Shot by Justin Williams.
19:24 of 2nd period - Stopped by Frederik Andersen without a rebound.
19:25 of 2nd period - Evgeny Kuznetsov wins face-off versus Milan Michalek in Stars zone.
19:25 of 2nd period - Evgeny Kuznetsov is hit by Joni Pitkanen.
Goals for this period are 2 for Stars vs 0 for Coyotes.
Shots for this period are 7 for Stars vs 9 for Coyotes.

3rd period


0:01 of 3rd period - Jeff Carter wins face-off versus Codey Burki in neutral zone.
0:03 of 3rd period - Off-side.
0:04 of 3rd period - Jeff Carter wins face-off versus Codey Burki in neutral zone.
0:09 of 3rd period - Shot by Jonathan Cheechoo.
0:09 of 3rd period - Shot Misses the Net.
0:27 of 3rd period - Matt Niskanen is hit by Brent Aubin and loses puck.
1:38 of 3rd period - Rasmus Ristolainen is hit by Brent Aubin and loses puck.
2:09 of 3rd period - Shot by Anze Kopitar.
2:09 of 3rd period - Stopped by Pekka Rinne without a rebound.
2:10 of 3rd period - Pavel Vorobiev wins face-off versus Sean Monahan in Coyotes zone.
2:31 of 3rd period - Shot by David Desharnais.
2:31 of 3rd period - Shot Misses the Net.
2:33 of 3rd period - Shot by David Desharnais.
2:33 of 3rd period - Shot Misses the Net.
2:37 of 3rd period - Shot by Milan Michalek.
2:37 of 3rd period - Stopped by Pekka Rinne with a rebound.
2:45 of 3rd period - Shot by Brett Pesce.
2:45 of 3rd period - Shot Blocked by Matt Calvert.
3:27 of 3rd period - Shot by Mark Giordano.
3:27 of 3rd period - Stopped by Frederik Andersen with a rebound.
3:29 of 3rd period - Shot by Mark Giordano.
3:29 of 3rd period - Stopped by Frederik Andersen without a rebound.
3:30 of 3rd period - Codey Burki wins face-off versus Anze Kopitar in Stars zone.
3:41 of 3rd period - Anze Kopitar is hit by Codey Burki and loses puck.
4:30 of 3rd period - Michael Ryan is hit by Jonathan Cheechoo and loses puck.
4:55 of 3rd period - Shot by Sean Monahan.
4:55 of 3rd period - Stopped by Pekka Rinne without a rebound.
4:56 of 3rd period - Jeff Carter wins face-off versus Evgeny Kuznetsov in Coyotes zone.
4:57 of 3rd period - Shot by Brent Aubin.
4:57 of 3rd period - Shot Blocked by Mark Giordano.
5:00 of 3rd period - Icing by Matt Niskanen.
5:01 of 3rd period - Jeff Carter wins face-off versus Evgeny Kuznetsov in Coyotes zone.
5:36 of 3rd period - Shot by David Pastrnak.
5:36 of 3rd period - Shot Misses the Net.
6:03 of 3rd period - Sean Monahan is hit by Ville Koistinen.
6:11 of 3rd period - Shot by Mason Raymond.
6:11 of 3rd period - Deflect By Kyle Calder.
6:11 of 3rd period - Shot Misses the Net.
6:15 of 3rd period - Shot by Mason Raymond.
6:15 of 3rd period - Deflect By Michael Rupp.
6:15 of 3rd period - Stopped by Frederik Andersen with a rebound.
6:23 of 3rd period - Shot by Mason Raymond.
6:23 of 3rd period - Shot Blocked by Zach Bogosian.
6:25 of 3rd period - Shot by Mason Raymond.
6:25 of 3rd period - Shot Misses the Net.
6:38 of 3rd period - Shot by Kyle Calder.
6:38 of 3rd period - Stopped by Frederik Andersen without a rebound.
6:39 of 3rd period - Anze Kopitar wins face-off versus Pavel Vorobiev in Stars zone.
6:44 of 3rd period - Matt Calvert is hit by Joni Pitkanen and loses puck.
6:50 of 3rd period - Icing by Rasmus Ristolainen.
6:51 of 3rd period - Pavel Vorobiev wins face-off versus Jeff Carter in Coyotes zone.
6:51 of 3rd period - Pavel Vorobiev is hit by Brent Aubin.
7:28 of 3rd period - Shot by Matt Calvert.
7:28 of 3rd period - Shot Blocked by Jeff Petry.
7:34 of 3rd period - Brett Pesce is hit by Jordan LaVallee.
7:47 of 3rd period - Off-side.
7:48 of 3rd period - Anze Kopitar wins face-off versus Codey Burki in neutral zone.
7:50 of 3rd period - Kevin Shattenkirk is hit by Matt Niskanen.
8:05 of 3rd period - Shot by Justin Williams.
8:05 of 3rd period - Goal by Justin Williams - Stars : 4 - Coyotes : 2.
8:06 of 3rd period - Evgeny Kuznetsov wins face-off versus Sean Monahan in neutral zone.
9:05 of 3rd period - Shot by Justin Williams.
9:05 of 3rd period - Deflect By Codey Burki.
9:05 of 3rd period - Stopped by Frederik Andersen without a rebound.
9:06 of 3rd period - Michael Rupp wins face-off versus Anze Kopitar in Stars zone.
9:06 of 3rd period - Michael Rupp is hit by Joni Pitkanen.
9:15 of 3rd period - Anze Kopitar is hit by Matt Niskanen and loses puck.
9:20 of 3rd period - Shot by Anze Kopitar.
9:20 of 3rd period - Stopped by Pekka Rinne without a rebound.
9:21 of 3rd period - Justin Williams wins face-off versus Jeff Carter in Coyotes zone.
9:34 of 3rd period - Shot by Jonathan Cheechoo.
9:34 of 3rd period - Shot Misses the Net.
9:36 of 3rd period - Shot by Jonathan Cheechoo.
9:36 of 3rd period - Stopped by Frederik Andersen without a rebound.
9:37 of 3rd period - Anze Kopitar wins face-off versus Evgeny Kuznetsov in Stars zone.
9:39 of 3rd period - Icing by Michael Grabner.
9:40 of 3rd period - Anze Kopitar wins face-off versus Codey Burki in Stars zone.
9:55 of 3rd period - Shot by Michael Grabner.
9:55 of 3rd period - Stopped by Pekka Rinne without a rebound.
9:56 of 3rd period - Jeff Carter wins face-off versus Evgeny Kuznetsov in Coyotes zone.
10:13 of 3rd period - Shot by Jeff Carter.
10:13 of 3rd period - Stopped by Pekka Rinne without a rebound.
10:14 of 3rd period - Codey Burki wins face-off versus Tomas Hertl in Coyotes zone.
10:16 of 3rd period - Minor Penalty to Justin Williams for Tripping.
10:17 of 3rd period - Michael Rupp wins face-off versus Jeff Carter in Coyotes zone.
10:34 of 3rd period - Shot by Jeff Carter.
10:34 of 3rd period - Shot Misses the Net.
10:36 of 3rd period - Shot by Joni Pitkanen.
10:36 of 3rd period - Stopped by Pekka Rinne without a rebound.
10:37 of 3rd period - Anze Kopitar wins face-off versus Matt Calvert in Coyotes zone.
10:44 of 3rd period - Shot by Anze Kopitar.
10:44 of 3rd period - Goal by Anze Kopitar - Stars : 5 - Coyotes : 2.
10:45 of 3rd period - Codey Burki wins face-off versus Anze Kopitar in neutral zone.
11:00 of 3rd period - Jonathan Cheechoo is hit by Joni Pitkanen and loses puck.
11:09 of 3rd period - Shot by Anze Kopitar.
11:09 of 3rd period - Shot Misses the Net.
11:13 of 3rd period - Shot by Michael Grabner.
11:13 of 3rd period - Stopped by Pekka Rinne without a rebound.
11:14 of 3rd period - Jeff Carter wins face-off versus Michael Rupp in Coyotes zone.
11:18 of 3rd period - Icing by Rasmus Ristolainen.
11:19 of 3rd period - Jeff Carter wins face-off versus Michael Rupp in Coyotes zone.
11:22 of 3rd period - Shot by Tyler Donati.
11:22 of 3rd period - Stopped by Pekka Rinne without a rebound.
11:23 of 3rd period - Anze Kopitar wins face-off versus David Pastrnak in Coyotes zone.
11:23 of 3rd period - Anze Kopitar is hit by Matt Niskanen.
11:33 of 3rd period - Shot by Michael Grabner.
11:33 of 3rd period - Shot Misses the Net.
12:34 of 3rd period - Shot by Jonathan Cheechoo.
12:34 of 3rd period - Stopped by Frederik Andersen with a rebound.
12:36 of 3rd period - Shot by Justin Williams.
12:36 of 3rd period - Shot Misses the Net.
12:38 of 3rd period - Shot by Jonathan Cheechoo.
12:38 of 3rd period - Shot Misses the Net.
12:40 of 3rd period - Shot by Justin Williams.
12:40 of 3rd period - Stopped by Frederik Andersen without a rebound.
12:41 of 3rd period - Michael Rupp wins face-off versus Brent Aubin in Stars zone.
13:13 of 3rd period - Shot by Michael Rupp.
13:13 of 3rd period - Stopped by Frederik Andersen without a rebound.
13:14 of 3rd period - Codey Burki wins face-off versus Sean Monahan in Stars zone.
13:35 of 3rd period - Off-side.
13:36 of 3rd period - Jeff Carter wins face-off versus Evgeny Kuznetsov in neutral zone.
13:59 of 3rd period - Jeff Carter is hit by Evgeny Kuznetsov and loses puck.
14:03 of 3rd period - Icing by Ryan Suter.
14:04 of 3rd period - Michael Rupp wins face-off versus Jeff Carter in Stars zone.
14:08 of 3rd period - Icing by Ryan Suter.
14:09 of 3rd period - Jeff Carter wins face-off versus Codey Burki in Stars zone.
14:24 of 3rd period - Shot by Codey Burki.
14:24 of 3rd period - Shot Blocked by Brent Aubin.
15:36 of 3rd period - Shot by Mason Raymond.
15:36 of 3rd period - Stopped by Frederik Andersen without a rebound.
15:37 of 3rd period - Evgeny Kuznetsov wins face-off versus Michael Grabner in Stars zone.
15:52 of 3rd period - Shot by Anze Kopitar.
15:52 of 3rd period - Stopped by Pekka Rinne without a rebound.
15:53 of 3rd period - Jeff Carter wins face-off versus Michael Rupp in Coyotes zone.
15:56 of 3rd period - Shot by Jeff Carter.
15:56 of 3rd period - Stopped by Pekka Rinne without a rebound.
15:57 of 3rd period - Evgeny Kuznetsov wins face-off versus Anze Kopitar in Coyotes zone.
15:57 of 3rd period - Evgeny Kuznetsov is hit by Tomas Hertl.
16:06 of 3rd period - Johnny Gaudreau is hit by Jeff Petry and loses puck.
17:01 of 3rd period - Mason Raymond is hit by Brett Pesce and loses puck.
17:07 of 3rd period - Michael Rupp is hit by Jeff Petry and loses puck.
18:11 of 3rd period - Minor Penalty to Joni Pitkanen for Hooking.
18:12 of 3rd period - Evgeny Kuznetsov wins face-off versus David Desharnais in Stars zone.
18:15 of 3rd period - Shot by Mark Giordano.
18:15 of 3rd period - Stopped by Frederik Andersen with a rebound.
18:44 of 3rd period - Shot by Matt Niskanen.
18:44 of 3rd period - Shot Misses the Net.
Goals for this period are 1 for Stars vs 1 for Coyotes.
Shots for this period are 12 for Stars vs 12 for Coyotes.